 Dungeon Crawl Stone Soup version 0.24-a0-164-g56e1b8f (console) character file.

Game seed: 10745718510323134200

95 Duffy the Chopper (level 4, -7/39 HPs)
             Began as a Naga Gladiator on Mar 6, 2019.
             Mangled by a gnoll
             ... wielding a +0 spear
              (11 damage)
             ... on level 2 of the Dungeon.
             The game lasted 00:02:13 (2294 turns).

Duffy the Chopper (Naga Gladiator)                  Turns: 2294, Time: 00:02:14

Health: -7/39      AC:  3    Str: 14    XL:     4   Next: 65%
Magic:  4/4        EV: 10    Int:  9    God:
Gold:   63         SH:  0    Dex: 12    Spells: 3/3 levels left

rFire    . . .     SeeInvis +   a - +0 war axe
rCold    . . .     Gourm    .   (no shield)
rNeg     . . .     Faith    .   b - +0 leather armour
rPois    +         Spirit   .   c - +0 helmet
rElec    .         Reflect  .   (no cloak)
rCorr    .         Harm     .   (no gloves)
MR       .....                  (no barding)
Stlth    +.........             r - amulet of rage
HPRegen  0.13/turn              q - -3 ring of strength (curse)
MPRegen  0.09/turn              (no ring)

@: very slow
A: large, see invisible, deformed body, poison resistance, slowness 2, slow
metabolism 1, spit poison 1, AC +1
a: Spit Poison, Evoke Berserk Rage


You were on level 2 of the Dungeon.
You were very hungry.

You visited 1 branch of the dungeon, and saw 3 of its levels.

You collected 63 gold pieces.

Inventory:

Hand Weapons
 a - a +0 war axe (weapon)
Missiles
 d - 3 throwing nets (quivered)
Armour
 b - a +0 leather armour (worn)
 c - a +0 helmet (worn)
Jewellery
 q - a cursed -3 ring of strength (left hand)
 r - an amulet of rage (around neck)
Scrolls
 e - 2 scrolls of teleportation {unknown}
 g - a scroll of immolation {unknown}
 h - a scroll of magic mapping {unknown}
 j - a scroll of fear {unknown}
 l - 3 scrolls of remove curse {unknown}
 o - a scroll of enchant armour {unknown}
 p - a scroll of identify {unknown}
Potions
 i - a potion of curing {unknown}
 k - a potion of brilliance {unknown}
 m - a potion of cancellation {unknown}
 n - a potion of might {unknown}
Comestibles
 f - 4 rations


   Skills:
 - Level 2.0 Fighting
 + Level 5.2 Axes
 - Level 1.7 Throwing
 - Level 2.4 Dodging
 + Level 0.4 Evocations


You had 3 spell levels left.
You didn't know any spells.
Your spell library was empty.

Dungeon Overview and Level Annotations

Branches:
Dungeon (3/15)

Altars:


Innate Abilities, Weirdness & Mutations

You cannot wear boots.
Your serpentine skin is tough. (AC +1)
You have supernaturally acute eyesight. (SInv)
Armour fits poorly on your strangely shaped body.
Your system is resistant to poisons. (rPois)
You cover ground very slowly.
You have a slow metabolism.
You can spit poison.


Message History

You climb upwards.
There is a stone staircase leading down here.
Press: ? - help, Shift-Dir - straight line, f - gnoll
Aim: a gnoll, wielding a +0 spear The splash of poison hits the gnoll.
The gnoll is moderately wounded.
You feel slightly more hungry. The gnoll hits you but does no damage.
You barely miss the gnoll.
The gnoll is moderately wounded.
The gnoll misses you.
You hit the gnoll.
The gnoll is heavily wounded.
The gnoll hits you with a +0 spear! x2
You are too injured to fight recklessly!
You are too injured to fight recklessly!
You fail to use your ability.
You have got your breath back.
The gnoll hits you with a +0 spear.
You fail to use your ability.
The gnoll hits you with a +0 spear!
You die...

##(..g....
#<.................#
...r...#..........#....
.......#..........#.#.
....%................
#.....##...........# ..
#.....##...........## ....
#...................##..#
......#....(((...@....#.##
........#...(...g)......#
.........................
...............(.#..#....
#.........%..#.(.#..####.
#..~~........##..##......
##.~..~.......##..#.......
##~~~..~..~~...~##.).#####
#~~~..~..~..~..~~##..#


You could see a gnoll.

Vanquished Creatures
  4 gnolls
  A worm (D:2)
  A dart slug (D:2)
  A leopard gecko (D:1)
  4 orcs
  2 giant cockroaches (D:1)
  8 goblins
  5 hobgoblins
  6 bats
  5 frilled lizards
  5 kobolds
  5 rats
47 creatures vanquished.

Vanquished Creatures (others)
  An orc (D:3)
1 creature vanquished.

Grand Total: 48 creatures vanquished

Notes
Turn   | Place    | Note
-------+----------+-------------------------------------------
     0 | D:1      | Duffy the Naga Gladiator began the quest for the Orb.
     0 | D:1      | Reached XP level 1. HP: 19/19 MP: 1/1
   131 | D:1      | Reached XP level 2. HP: 9/26 MP: 2/2
   589 | D:1      | Reached skill level 4 in Axes
   676 | D:1      | Reached XP level 3. HP: 28/32 MP: 3/3
  2026 | D:2      | Reached XP level 4. HP: 25/39 MP: 4/4
  2056 | D:2      | Reached skill level 5 in Axes
  2294 | D:2      | Mangled by a gnoll

Levels and vault maps discovered:
D:1:      dpeg_arrival_windows_large_door, layout_basic,
          chequers_serial_rivers_room_a, grunt_decor_mini_mirrors
D:2:      cheibrodos_helix_gallery, layout_rooms, led_sif_pool, first_ration,
          hangedman_abyss_or_decor_stabs, uniq_jessica
D:3:      layout_basic, feat_on_display

Skill      XL: |  1  2  3  4 |
---------------+-------------+-----
Axes           | 4 5 |  5.2
Fighting       | |  2.0
Throwing       | |  1.7
Dodging        | |  2.4
Evocations     | |  0.4

Action                   |  1- 3 |  4- 6 || total
-------------------------+-------+-------++-------
Melee: War axe           |   104 |    17 ||   121
 Abil: Spit Poison       |     7 |     5 ||    12
       Evoke Berserk Rag |       |     1 ||     1
 Stab: Sleeping          |     1 |       ||     1
  Eat: Chunk             |     2 |     1 ||     3
Armor: Leather armour    |    42 |     9 ||    51
Dodge: Dodged            |    91 |    21 ||   112

Table legend:
 A = Non-vault XP
 B = Vault XP
 C = Vault XP percentage of total XP
 D = Non-vault monster count
 E = Vault monster count
 F = Vault count percentage of total count
                 A         B        C        D         E       F
            +---------+---------+-------+---------+---------+-------
      Total |     134 |       2 |   1.5 |      45 |       2 |   4.3
            +---------+---------+-------+---------+---------+-------
        D:1 |      43 |       0 |   0.0 |      26 |       0 |   0.0
        D:2 |      63 |       1 |   1.6 |      11 |       1 |   8.3
        D:3 |      28 |       1 |   3.4 |       8 |       1 |  11.1
            +---------+---------+-------+---------+---------+-------
